 Dungeon Crawl Stone Soup version 0.23.1 (webtiles) character file.

Game seed: 12014467559614336368

3530 Borgoz the Cutter (level 10, 0/83 HPs)
             Began as a Ghoul Warper on Mar 13, 2019.
             Was a Follower of Ashenzari.
             Slain by an orc warrior
             ... wielding a +1 trident of protection
              (20 damage)
             ... on level 9 of the Dungeon.
             The game lasted 00:26:32 (13340 turns).

Borgoz the Cutter (Ghoul Warper)                   Turns: 13340, Time: 00:26:34

Health: 0/83       AC: 10    Str: 16    XL:     10   Next: 8%
Magic:  15/15      EV: 13    Int:  8    God:    Ashenzari [*.....]
Gold:   424        SH:  0    Dex: 11    Spells: 16/18 levels left

rFire    . . .     SeeInvis .   a - +0 rapier
rCold    + . .     Gourm    .   (no shield)
rNeg     + + +     Faith    .   c - +0 ring mail
rPois    ∞         Spirit   .   k - +0 helmet
rElec    .         Reflect  .   w - +1 cloak {rPois}
rCorr    .         Harm     .   i - +0 pair of gloves
MR       .....                  (no boots)
Stlth    ++........             n - amulet of magic regeneration
HPRegen  0.00/turn              (no ring)
MPRegen  0.39/turn              (no ring)

@: rotting
A: rotting body, claws 1, carnivore, cold resistance 1, negative energy
resistance 3, inhibited regeneration, torment resistance, unbreathing
a: Curse Item, Scrying, Renounce Religion


You were on level 9 of the Dungeon.
You worshipped Ashenzari.
Ashenzari was aware of your devotion.
You were not hungry.

You visited 2 branches of the dungeon, and saw 10 of its levels.

You collected 424 gold pieces.

Inventory:

Hand Weapons
 a - a +0 rapier (weapon)
 b - a +0 dagger of freezing
 e - a +0 dagger of flaming
 v - a +2 quarterstaff of chaos
Missiles
 l - a tomahawk (quivered)
 r - 17 poisoned needles
Armour
 c - a +0 ring mail (worn)
 i - a +0 pair of gloves (worn)
 k - a +0 helmet (worn)
 w - a +1 cloak of poison resistance (worn)
Jewellery
 n - an amulet of magic regeneration (around neck)
Wands
 g - a wand of iceblast (12)
Scrolls
 d - 2 scrolls of blinking
 j - a scroll of amnesia
 o - a scroll of magic mapping
 p - a scroll of fear
 q - a scroll of enchant weapon
 s - a scroll of vulnerability
 u - a scroll of fog
Potions
 h - 2 potions of brilliance
Comestibles
 f - 12 rations


   Skills:
 + Level 5.7 Fighting
 * Level 6.6 Short Blades
 + Level 3.0 Throwing
 + Level 5.3 Armour
 + Level 5.2 Dodging
 + Level 5.5 Stealth
 + Level 4.5 Spellcasting
 - Level 3.0 Translocations


You had 16 spell levels left.
You knew the following spells:

 Your Spells              Type           Power        Failure   Level  Hunger
a - Blink                 Tloc           N/A          22%         2    ###....

Your spell library contained the following spells:

 Spells                   Type           Power        Failure   Level  Hunger
 Shroud of Golubria       Chrm/Tloc      #.........   38%         2    ###....
 Gell's Gravitas          Tloc           #.........   41%         3    ###....
 Lesser Beckoning         Tloc           #.........   41%         3    ###....
 Teleport Other           Tloc           #.......     41%         3    ###....
 Animate Skeleton         Necr           N/A          45%         1    #......
 Pain                     Necr           #...         45%         1    #......
 Passage of Golubria      Tloc           N/A          82%         4    #####..
 Regeneration             Chrm/Necr      #.........   83%         3    ###....
 Vampiric Draining        Necr           #.........   83%         3    ###....
 Animate Dead             Necr           N/A          99%         4    #####..


Dungeon Overview and Level Annotations

Branches:
Dungeon (9/15)             Temple (1/1) D:5             Orc (0/2) D:9
   Lair: D:8-11

Altars:
Ashenzari
Cheibriados
Dithmenos
Elyvilon
Fedhas
Gozag
Kikubaaqudgha
Makhleb
Okawaru
Qazlal
Ru
Sif Muna
Trog
Uskayaw
Vehumet
Wu Jian
Xom
Yredelemnul
Zin
The Shining One

Shops:
D:2 *

Annotations:
D:7 Joseph
D:8 2 transporters
D:9 Pikel


Innate Abilities, Weirdness & Mutations

Your body is rotting away.
You thrive on raw meat.
You are immune to poison.
You have sharp fingernails.
You are carnivorous and can eat meat at any time.
Your flesh is cold resistant. (rC+)
You are immune to negative energy. (rN+++)
You do not regenerate when monsters are visible.
You are immune to unholy pain and torment.
You can survive without breathing.


Message History

The bullfrog misses you.
An orc wizard comes into view. It is wielding a +0 dagger.
The orc wizard shouts!
You hear a shout!
The bullfrog closely misses you. The bullfrog closely misses you.
The orc priest calls down the wrath of Beogh upon you.
Beogh smites you! The bullfrog misses you.
You completely miss the bullfrog. The bullfrog closely misses you.
The bullfrog barely misses you.
You puncture the bullfrog!
The bullfrog is moderately wounded.
The orc hits you but does no damage. The hobgoblin misses you.
The bullfrog hits you.
* * * LOW HITPOINT WARNING * * *
You closely miss the bullfrog.
The bullfrog is moderately wounded.
The bullfrog hits you but does no damage.
The orc closely misses you. The hobgoblin closely misses you.
The orc warrior hits you from afar with a +1 trident of protection!!
You die...

## #.# .
#.##.###.##..
#....o....> ##..#.#
.. # # #.#.##..#o
$## .##
##.##.#.#..##.##..#
#og#o....#.o.....#
##Fo##o##......#
#@#.#.######o#####


#ogOo.# #$O.).##.# #......##o..#.#... ..#.#..#.g#.....## .#.####.########## ## .
####### # # #.....# ## ##<..## #. ###'## #. You could see an orc warrior, an
ogre, a bullfrog, an orc priest, an orc wizard, 2 orcs and 2 hobgoblins.

Vanquished Creatures
  Prince Ribbit (D:7)
  A hippogriff (D:8)
  2 hungry ghosts
  An eye of draining (D:8)
  A necrophage (D:6)
  4 ogres
  2 centaurs
  A crocodile (D:9)
  5 bullfrogs
  A gnoll sergeant (D:5)
  3 scorpions
  10 wights
  A howler monkey (D:8)
  3 crimson imps
  4 hounds
  A quasit (D:8)
  A centaur skeleton (D:6)
  A bullfrog skeleton (D:6)
  3 orc priests
  8 orc wizards
  Crazy Yiuf (D:7)
  Ijyb (D:5)
  2 iguanas (D:8)
  9 worker ants
  A hound skeleton (D:6)
  2 howler monkey zombies
  2 worker ant zombies
  A howler monkey skeleton (D:4)
  6 adders
  5 gnolls
  An ooze (D:2)
  2 adder zombies
  3 worms
  3 leopard geckos
  18 orcs
  2 ball pythons
  6 bats
  4 giant cockroaches
  6 goblins
  7 hobgoblins
  A jackal (D:1)
  2 quokkas
  6 frilled lizards
  10 kobolds
  A leopard gecko zombie (D:3)
  A quokka skeleton (D:4)
  A quokka zombie (D:6)
  4 rats
162 creatures vanquished.

Vanquished Creatures (others)
  An ogre (D:6)
  A bullfrog (D:6)
  6 plants (D:8)
  5 toadstools (D:1)
13 creatures vanquished.

Grand Total: 175 creatures vanquished

Notes
Turn   | Place    | Note
-------+----------+-------------------------------------------
     0 | D:1      | Borgoz the Ghoul Warper began the quest for the Orb.
     0 | D:1      | Reached XP level 1. HP: 17/17 MP: 2/2
   325 | D:1      | Reached skill level 1 in Armour
   400 | D:1      | Reached skill level 2 in Short Blades
   417 | D:1      | Reached XP level 2. HP: 18/24 MP: 3/3
   668 | D:1      | Learned a level 2 spell: Blink
  1215 | D:2      | Found an ancient bone altar of Kikubaaqudgha.
  1452 | D:2      | Reached XP level 3. HP: 30/30 MP: 3/5
  1899 | D:2      | Found Gozag's Platinum Reserve.
  1899 | D:2      | Found an opulent altar of Gozag.
  2287 | D:3      | Found a bloodstained altar of Trog.
  2370 | D:3      | Reached XP level 4. HP: 35/37 MP: 6/6
  2897 | D:4      | Noticed an ogre
  3076 | D:4      | Reached skill level 1 in Stealth
  3076 | D:4      | Reached XP level 5. HP: 21/42 MP: 7/7
  3266 | D:5      | Entered Level 5 of the Dungeon
  3266 | D:5      | Found a staircase to the Ecumenical Temple.
  3299 | Temple   | Entered the Ecumenical Temple
  3522 | D:5      | Reached skill level 3 in Short Blades
  3644 | D:5      | Reached XP level 6. HP: 33/51 MP: 8/8
  3863 | D:5      | Noticed Ijyb
  3884 | D:5      | Paralysed by Ijyb for 4 turns
  3902 | D:5      | Killed Ijyb
  4486 | D:5      | Reached XP level 7. HP: 55/57 MP: 10/10
  4939 | D:6      | Found a shattered altar of Ashenzari.
  4953 | D:6      | Became a worshipper of Ashenzari the Shackled
  5034 | D:6      | Reached skill level 4 in Short Blades
  6284 | D:6      | Reached XP level 8. HP: 56/64 MP: 11/11
  7441 | D:4      | Found a sacrificial altar of Ru.
  8114 | D:4      | Reached skill level 5 in Short Blades
  9248 | D:6      | Reached skill level 1 in Throwing
  9610 | D:7      | Noticed Prince Ribbit
  9625 | D:7      | Found a runed translucent door.
  9626 | D:7      | Noticed Crazy Yiuf
  9670 | D:6      | Reached XP level 9. HP: 24/68 MP: 13/13
  9986 | D:7      | Noticed Joseph
 10149 | D:8      | Found a burning altar of Makhleb.
 10149 | D:8      | Noticed a blizzard demon
 10520 | D:8      | Found a transporter.
 10560 | D:7      | Reached skill level 5 in Fighting
 11109 | D:8      | Reached skill level 6 in Short Blades
 11600 | D:7      | Killed Prince Ribbit
 11600 | D:7      | Reached skill level 5 in Armour
 11600 | D:7      | Reached skill level 5 in Stealth
 11955 | D:7      | Killed Crazy Yiuf
 12167 | D:8      | Reached skill level 5 in Dodging
 12456 | D:8      | Found a transporter.
 12457 | D:8      | Identified the ring "Pasm" {Ice MR- Int+4 Dex+6 SInv}
 12459 | D:8      | Identified the +2 spear of Xewyqeb {vamp, Stlth+}
 12805 | D:8      | Reached * piety under Ashenzari
 12920 | D:8      | Found a glowing golden altar of the Shining One.
 12969 | D:8      | Found a hide-covered altar of Uskayaw.
 13140 | D:9      | Noticed Pikel
 13179 | D:8      | Reached XP level 10. HP: 74/82 MP: 15/15
 13329 | D:9      | Found a staircase to the Orcish Mines.
 13340 | D:9      | Slain by an orc warrior

Skill      XL: |  1  2  3  4  5  6  7  8  9 10 |
---------------+-------------------------------+-----
Armour         | 1 2 3 4 5 |  5.3
Short Blades   | 2 3 4 5 6 |  6.6
Spellcasting   | 2 3 4 |  4.5
Dodging        | 2 3 4 5 |  5.2
Stealth        | 1 2 3 4 5 |  5.5
Translocations | 3 |  3.0
Fighting       | 3 4 5 |  5.7
Throwing       | 1 2 3 |  3.0

Action                   |  1- 3 |  4- 6 |  7- 9 | 10-12 || total
-------------------------+-------+-------+-------+-------++-------
Melee: Short sword       |   159 |   288 |   144 |       ||   591
       Rapier            |       |       |   610 |    48 ||   658
       Dagger            |       |       |    16 |       ||    16
Throw: Tomahawk          |     5 |       |     5 |       ||    10
 Cast: Blink             |       |       |     4 |     1 ||     5
  Use: Scroll            |     7 |     3 |     7 |     1 ||    18
       Potion            |     3 |       |     6 |       ||     9
 Stab: Sleeping          |       |     1 |     5 |       ||     6
  Eat: Chunk             |     5 |    17 |    32 |     2 ||    56
Armor: Leather armour    |    51 |     7 |       |       ||    58
       Ring mail         |       |    87 |   226 |     5 ||   318
Dodge: Dodged            |    90 |   136 |   389 |    25 ||   640
